 Dungeon Crawl Stone Soup version 0.18.1-8-gdd0e5ea (console) character file.

79998 Kloppie the Severer (level 15, -10/217 HPs)
             Began as a Minotaur Berserker on June 7, 2016.
             Was a High Priest of Trog.
             Killed from afar by a hellephant (glowing shapeshifter) (32 damage)
             ... with a blast of flame
             ... on level 15 of the Dungeon.
             The game lasted 00:43:59 (24335 turns).

Kloppie the Severer (Minotaur Berserker)           Turns: 24335, Time: 00:44:00

Health: -10/217    AC: 25    Str: 35    XL:     15   Next: 22%
Magic:  14/14      EV: 11    Int:  4    God:    Trog [*****.]
Gold:   1599       SH:  0    Dex: 17    Spells: 0 memorised, 14 levels left

rFire  . . .     SeeInvis .     a - +7 broad axe (flame)
rCold  + . .     Gourm    .     M - +4 chain mail {rC+}
rNeg   . . .     Faith    .     (no shield)
rPois  +         Spirit   .     (helmet restricted)
rElec  .         Dismiss  .     t - +0 cloak
rCorr  .         Reflect  .     o - +1 pair of gloves
SustAt .         Harm     .     H - +1 pair of boots
MR     +....     Clarity  +     (no amulet)
Stlth  ..........               F - ring of poison resistance
                                g - +5 ring of strength

@: berserking, very quick, somewhat resistant to hostile enchantments, extremely
unstealthy
A: retaliatory headbutt, horns 2, agile 1, clarity, strong 1
a: Berserk, Trog's Hand, Brothers in Arms, Burn Spellbooks, Renounce Religion


You were on level 15 of the Dungeon.
You worshipped Trog.
Trog was extremely pleased with you.
You were very hungry.

You visited 3 branches of the dungeon, and saw 24 of its levels.
You also visited: Labyrinth, Sewer and Ossuary.

You collected 1599 gold pieces.

Inventory:

Hand Weapons
 a - a +7 broad axe of flaming (weapon)
 b - the +9 heavy crossbow "Sniper" {velocity, nevermiss, SInv}
   (You found it in a labyrinth)

   Any bolt fired from it inflicts extra damage.
   It lets you see invisible.
 q - the +10 executioner's axe of Truth {elec, rN+}
   (Trog gifted it to you on level 1 of the Orcish Mines)

   Occasionally, upon striking a foe, it will discharge some electrical energy
   and cause terrible harm.
   It protects you from negative energy.
 x - a +0 war axe
 N - a +3 antimagic executioner's axe
Missiles
 l - 85 bolts
Armour
 o - a +1 pair of gloves (worn)
 t - a +0 cloak (worn)
 H - a +1 pair of boots (worn)
 M - a +4 chain mail of cold resistance (worn)
Rods
 S - a +0 rod of ignition (12/12)
   (You took it off a minotaur in a labyrinth)
Jewellery
 g - a +5 ring of strength (left hand)
 m - an uncursed ring of stealth
 r - an uncursed ring of fire
 F - a ring of poison resistance (right hand)
 G - an uncursed ring of teleportation
 Z - an uncursed ring of protection from fire
Wands
 p - a wand of paralysis (23/24)
 P - a wand of enslavement (9/24)
 U - a wand of enslavement (9/24)
 V - a wand of lightning (5/15)
 Y - a wand of teleportation (4/9)
Scrolls
 d - 11 scrolls of teleportation
 f - 10 scrolls of remove curse
 k - 4 scrolls of identify
 u - 3 scrolls of fear
 C - 5 scrolls of enchant armour
 K - a scroll of recharging
 O - 2 scrolls of magic mapping
 R - a scroll of blinking
 X - 5 scrolls of enchant weapon
Potions
 e - 5 potions of heal wounds
 i - 7 potions of flight
 j - 6 potions of lignification
 s - a potion of resistance
 w - 2 potions of cure mutation
 A - a potion of might
 B - 6 potions of brilliance
 D - a potion of agility
 E - 7 potions of curing
 J - a potion of cancellation
 L - 2 potions of haste
 Q - 3 potions of ambrosia {unknown}
Comestibles
 c - 14 bread rations
 n - 9 meat rations
 v - a beef jerky
 z - 6 royal jellies
 I - 3 fruits


   Skills:
 - Level 16.4 Fighting
 + Level 19.4 Axes
 + Level 7.8 Crossbows
 - Level 16.2 Armour
 - Level 2.1 Dodging


You had 14 spell levels left.
You didn't know any spells.

Dungeon Overview and Level Annotations

Branches:
Dungeon (15/15)            Temple (0/1) D:5            Lair (7/8) D:9
 Shoals (0/4) Lair:3       Spider (0/4) Lair:3          Orc (2/2) D:10
 Vaults (0/5) D:13
  Slime: Lair:6-8       Elf: Orc:2       Depths: D:15

Altars:
Dithmenos
Elyvilon
Fedhas
Kikubaaqudgha
Qazlal
Sif Muna
Trog
Vehumet
Xom
Yredelemnul
Zin
The Shining One
Beogh

Annotations:
Lair:6 exclusion: oklob plant
Lair:7 exclusion: oklob plant


Innate Abilities, Weirdness & Mutations

You reflexively headbutt those who attack you in melee.
You have a pair of horns on your head.
You are agile. (Dex +2)
You possess an exceptional clarity of mind.
Your muscles are strong. (Str +2)


Message History

You hit the shard shrike. You burn the shard shrike.
Your headbutt misses the shard shrike.
The shard shrike is moderately wounded.
The shard shrike spits a shard of ice at you.
The shard of ice hits you! You partially resist.
* * * LOW HITPOINT WARNING * * *
The shard shrike claws you but does no damage.
A red film seems to cover your vision as you go berserk!
You feel yourself moving faster!
You feel mighty!
You are feeling very hungry.
The shard shrike screeches!
The shard shrike changes into a hellephant!
You slash the hellephant! You burn the hellephant. You headbutt the hellephant!
The hellephant is lightly wounded.
You slice the hellephant!! You burn the hellephant!
You headbutt the hellephant, but do no damage.
The hellephant is moderately wounded.
The hellephant breathes flames at you. The blast of flame hits you!
You die...

....+<...# ..#....8#8...#
....#...## .##....#[#...#
....#...# #..#....8#8...#
....#...## ##.. #...)......#
#'###....# #.. #.....###'###
....)....## ##.#####'#####....#
..........# ##...##.......#....#
.....#########..Y..#.......+....#
.....#.......#..@..#.......#....#
##'###.....####...#####'##.#....#
.....#.....#####)## ##..#####....
.....'.........#'#..#.......#....
.....#..............#.......#....
######...####.###..####.#####....
...##########.###..####.######'#.
...'..........'......†....+....#.
...#..........#...........#....#.


You could see a hellephant shaped shifter.

Vanquished Creatures
  4 vault guards (D:13)
  The ghost of Dickchan the Fighter, a journeyman NaTm (D:8)
  An ettin (Orc:2)
  A minotaur (Lab)
  A rakshasa (D:15)
  A catoblepas (Lair:5)
  7 hydras
  2 centaur warriors
  The ghost of Dickchan the Fighter, a novice NaTm (D:9)
  3 tengu warriors
  5 skeletal warriors (D:15)
  2 unseen horrors
  A giant orange brain (D:15)
  2 hill giants
  A wizard (D:14)
  A manticore (D:13)
  4 griffons
  An orc sorcerer (Orc:1)
  An orc knight (Orc:1)
  3 cyclopes
  8 ugly things
  17 elephants
  5 black mambas
  A siren (Lair:3)
  Joseph (Lair:1)
  A black mamba (shapeshifter) (D:15)
  The ghost of SataraUzumaki the Nimble, a novice SpAK of Lugonu (D:4)
  9 spiny frogs
  2 gargoyles
  4 komodo dragons
  A redback zombie (D:15)
  A rime drake (Lair:6)
  5 jumping spiders (Lair:3)
  A queen bee (D:10)
  5 tengu conjurers
  A merfolk (Lair:3)
  8 trolls
  A two-headed ogre (D:12)
  12 blink frogs
  4 redbacks (Lair:3)
  A yak (shapeshifter) (D:15)
  A wraith (D:11)
  A wyvern (Lair:6)
  63 yaks
  4 basilisks
  3 hungry ghosts
  6 hippogriffs
  A warg (Orc:1)
  Menkaure (D:7)
  14 water moccasins
  2 soldier ants (D:11)
  18 porcupines
  12 orc warriors
  7 sky beasts
  3 black bears
  3 ice beasts
  4 phantoms
  21 wolves
  6 ogres
  An eye of draining (D:13)
  14 crocodiles
  12 centaurs
  5 big kobolds
  12 giant frogs
  2 elf zombies (Ossuary)
  A wyvern zombie (D:9)
  A wyvern skeleton (D:13)
  6 scorpions
  19 killer bees
  15 wights
  8 electric eels
  3 centaur zombies
  11 crimson imps
  9 centaur skeletons
  4 giant frog skeletons
  8 hounds
  5 jellies
  A human zombie (Ossuary)
  10 orc priests
  9 iguanas
  13 orc wizards
  10 worker ants
  4 sheep (Lair:6)
  2 big kobold zombies (Ossuary)
  6 hound zombies
  2 hound skeletons
  4 mummies
  7 gnolls
  14 adders
  2 howler monkey skeletons
  15 river rats
  3 oozes
  3 adder zombies (Ossuary)
  An adder skeleton (D:4)
  4 worms
  2 dart slugs (D:1)
  5 giant geckos
  48 orcs
  7 bats
  7 giant cockroaches
  A gnoll zombie (Ossuary)
  8 goblins
  5 hobgoblins
  11 jackals
  6 quokkas
  13 ball pythons
  2 giant gecko skeletons
  4 giant newts
  5 goblin zombies (Ossuary)
  2 hobgoblin zombies (Ossuary)
  4 jackal zombies (Ossuary)
  27 kobolds
  4 kobold zombies
  An orc zombie (D:8)
  2 quokka zombies (Ossuary)
  9 rats
  5 rat zombies (Ossuary)
  3 fungi
  3 plants
732 creatures vanquished.

Vanquished Creatures (collateral kills)
  3 hydras
  Sonja (D:11)
  An orc knight (Orc:1)
  A komodo dragon (Lair:1)
  2 water moccasins (Lair:1)
  2 orc warriors (Orc:1)
  An orc priest (Orc:1)
  An orc wizard (Orc:1)
  An orc (Orc:1)
13 creatures vanquished.

Vanquished Creatures (others)
  A wizard (D:15)
  A human (D:6)
  A jackal (D:9)
  A bush (Lair:7)
  8 fungi
  13 plants
25 creatures vanquished.

Grand Total: 770 creatures vanquished

Notes
Turn   | Place    | Note
--------------------------------------------------------------
     0 | D:1      | Kloppie the Minotaur Berserker began the quest for the Orb.
     0 | D:1      | Reached XP level 1. HP: 19/19 MP: 0/0
   241 | D:1      | Reached XP level 2. HP: 26/27 MP: 1/1
   463 | D:1      | Reached skill level 4 in Axes
  1096 | D:1      | Reached XP level 3. HP: 33/33 MP: 2/2
  1131 | D:2      | Reached ** piety under Trog
  1344 | D:2      | Reached XP level 4. HP: 32/41 MP: 3/3
  1560 | D:2      | Found a stormy altar of Qazlal.
  2054 | D:3      | Found a glowing silver altar of Zin.
  2054 | D:3      | Found a blossoming altar of Fedhas.
  2055 | D:3      | Found a radiant altar of Vehumet.
  2111 | D:3      | Reached skill level 5 in Axes
  2127 | D:3      | Reached skill level 5 in Fighting
  2203 | D:3      | Reached XP level 5. HP: 48/48 MP: 4/4
  2277 | D:3      | Found a basalt altar of Yredelemnul.
  2297 | D:3      | Reached *** piety under Trog
  2853 | D:4      | Noticed SataraUzumaki's ghost (novice SpAK)
  2898 | D:4      | Killed SataraUzumaki's ghost
  2898 | D:4      | Reached skill level 6 in Axes
  2898 | D:4      | Reached skill level 5 in Armour
  2898 | D:4      | Reached XP level 6. HP: 45/58 MP: 5/5
  2898 | D:4      | Reached XP level 7. HP: 50/64 MP: 6/6
  3015 | D:4      | Found a shimmering altar of Xom.
  3087 | D:4      | Reached skill level 7 in Axes
  3612 | D:5      | Entered Level 5 of the Dungeon
  3618 | D:5      | Found a staircase to the Ecumenical Temple.
  3712 | D:5      | Reached XP level 8. HP: 70/73 MP: 7/7
  4445 | D:6      | Found an ancient bone altar of Kikubaaqudgha.
  4651 | D:6      | Found a glowing drain.
  4681 | Sewer    | Entered a sewer
  4711 | Sewer    | Reached **** piety under Trog
  4839 | Sewer    | Reached skill level 8 in Axes
  5533 | D:7      | Noticed Menkaure
  5541 | D:7      | Killed Menkaure
  5580 | D:7      | Found a glowing golden altar of the Shining One.
  5668 | D:7      | Reached XP level 9. HP: 33/83 MP: 8/8
  5825 | D:7      | Reached skill level 9 in Axes
  6121 | D:8      | Noticed Dickchan's ghost (journeyman NaTm)
  6211 | D:8      | Killed Dickchan's ghost
  6211 | D:8      | Reached skill level 10 in Fighting
  6211 | D:8      | Reached skill level 10 in Axes
  6320 | D:8      | Reached skill level 10 in Armour
  6358 | D:8      | Reached ***** piety under Trog
  6358 | D:8      | Received a gift from Trog
  6416 | D:8      | Found a sand-covered staircase.
  6422 | Ossuary  | Entered an ossuary
  6444 | Ossuary  | Reached XP level 10. HP: 88/94 MP: 9/9
  6977 | D:8      | Gained mutation: Your muscles are strong. (Str +2) [potion of mutation]
  6977 | D:8      | Gained mutation: You possess an exceptional clarity of mind. [potion of mutation]
  6978 | D:8      | Gained mutation: You are agile. (Dex +2) [potion of beneficial mutation]
  7017 | D:9      | Noticed Dickchan's ghost (novice NaTm)
  7070 | D:9      | Killed Dickchan's ghost
  7104 | D:9      | Found a staircase to the Lair.
  7114 | D:9      | Reached skill level 11 in Axes
  7834 | D:9      | Found a shadowy altar of Dithmenos.
  8663 | Lair:1   | Entered Level 1 of the Lair of Beasts
  8741 | Lair:1   | Reached skill level 12 in Axes
  8889 | Lair:1   | Reached XP level 11. HP: 87/104 MP: 10/10
  8923 | Lair:1   | Noticed a five-headed hydra
  8929 | Lair:1   | Killed a five-headed hydra
  8941 | Lair:1   | Got a polished chain mail
  8949 | Lair:1   | Received a gift from Trog
  8970 | Lair:1   | Identified the +2 chain mail "Ifopoq" {rPois Dex+3} (You found it on level 1 of the Lair of Beasts)
  9241 | Lair:1   | Noticed Joseph
  9252 | Lair:1   | Killed Joseph
  9687 | Lair:2   | Noticed a five-headed hydra
  9698 | Lair:2   | Killed a five-headed hydra
 10420 | Lair:2   | Noticed a four-headed hydra
 10425 | Lair:2   | Killed an eight-headed hydra
 10532 | Lair:2   | Reached skill level 13 in Axes
 11214 | Lair:3   | Reached XP level 12. HP: 89/115 MP: 11/11
 11682 | Lair:3   | Found a hole to the Spider Nest.
 11915 | Lair:3   | Reached skill level 14 in Axes
 12386 | Lair:3   | Found a staircase to the Shoals.
 12972 | Lair:4   | Noticed a five-headed hydra
 12978 | Lair:4   | Killed a five-headed hydra
 13128 | Lair:4   | Received a gift from Trog
 13677 | Lair:5   | Noticed a four-headed hydra
 13688 | Lair:5   | Killed an eight-headed hydra
 13882 | Lair:5   | Reached skill level 15 in Fighting
 14116 | Lair:5   | Noticed a catoblepas
 14129 | Lair:5   | Killed a catoblepas
 14129 | Lair:5   | Reached skill level 15 in Axes
 14129 | Lair:5   | Reached XP level 13. HP: 88/126 MP: 12/12
 14717 | Lair:6   | Reached skill level 15 in Armour
 16676 | Lair:7   | Received a gift from Trog
 16782 | Lair:7   | Reached skill level 16 in Axes
 17117 | Lair:7   | Found a blossoming altar of Fedhas.
 17668 | D:10     | Entered Level 10 of the Dungeon
 17747 | D:10     | Found a staircase to the Orcish Mines.
 18452 | Orc:1    | Entered Level 1 of the Orcish Mines
 18483 | Orc:1    | Found a runed door.
 18845 | Orc:1    | Reached XP level 14. HP: 102/138 MP: 13/13
 18855 | Orc:1    | Received a gift from Trog
 18860 | Orc:1    | Got a transparent executioner's axe {god gift}
 18928 | Orc:1    | Found a roughly hewn altar of Beogh.
 18941 | Orc:1    | Identified the +10 executioner's axe of Truth {elec, rN+} (Trog gifted it to you on level 1 of the Orcish Mines)
 19086 | Orc:2    | Entered Level 2 of the Orcish Mines
 19131 | Orc:2    | HP: 6/207 [ettin/dire flail (26)]
 19543 | D:11     | Noticed Sonja
 19551 | D:11     | Killed Sonja
 19702 | D:11     | Reached skill level 17 in Axes
 20670 | D:12     | Reached skill level 18 in Axes
 21249 | D:13     | Found a labyrinth entrance.
 21320 | Lab      | Entered a labyrinth
 21446 | Lab      | Got a slimy whip
 21477 | D:13     | Identified the +4 whip of War {elec, MR- Str+7 SInv} (You found it in a labyrinth)
 21498 | D:13     | Reached skill level 1 in Crossbows
 21589 | D:13     | Found a gate to the Vaults.
 21609 | D:13     | Received a gift from Trog
 21915 | D:13     | Found a white marble altar of Elyvilon.
 22331 | D:14     | Reached skill level 5 in Crossbows
 22708 | D:14     | Reached skill level 19 in Axes
 23190 | D:15     | Entered Level 15 of the Dungeon
 23202 | D:15     | Reached XP level 15. HP: 116/145 MP: 14/14
 23416 | D:15     | Received a gift from Trog
 23621 | D:15     | Found a deep blue altar of Sif Muna.
 23807 | D:15     | Found a bloodstained altar of Trog.
 24329 | D:15     | Noticed a shard shrike
 24333 | D:15     | Noticed a hellephant
 24333 | D:15     | a shard shrike changed into a hellephant
 24335 | D:15     | Killed from afar by a hellephant (glowing shapeshifter)

Skill      XL: |  1  2  3  4  5  6  7  8  9 10 11 12 13 14 15 |
---------------+----------------------------------------------+-----
Fighting       | 4 5 6 7 9 10 12 13 15 16 | 16.4
Axes           | 4 5 6 7 8 10 12 13 15 16 19 | 19.4
Armour         | 3 4 5 6 8 10 11 13 14 16 | 16.2
Crossbows      | 6 7 |  7.8
Dodging        | |  2.1

Action                   |  1- 3 |  4- 6 |  7- 9 | 10-12 | 13-15 || total
-------------------------+-------+-------+-------+-------+-------++-------
Melee: Hand axe          |    67 |   123 |   262 |       |       ||   452
       Headbutt          |     9 |    15 |   104 |   185 |   260 ||   573
       War axe           |       |       |   147 |   728 |   453 ||  1328
       Battleaxe         |       |       |       |       |   195 ||   195
       Broad axe         |       |       |       |       |   183 ||   183
Invok: Berserk           |       |     2 |     4 |     4 |     6 ||    16
       Trog's Hand       |       |     1 |     4 |     2 |     4 ||    11
       Brothers in Arms  |       |       |       |     4 |     3 ||     7
  Use: Scroll            |       |     5 |     6 |    20 |    11 ||    42
       Potion            |       |       |       |     3 |     3 ||     6
 Stab: Distracted        |       |       |       |       |     1 ||     1
  Eat: Chunk             |     1 |     5 |    12 |    14 |    31 ||    63
       Royal jelly       |       |     1 |       |       |     2 ||     3
       Meat ration       |       |       |     1 |     3 |       ||     4
       Beef jerky        |       |       |       |     1 |     3 ||     4
Armor: Ring mail         |    36 |       |       |       |       ||    36
       Scale mail        |       |    66 |   162 |    34 |       ||   262
       Plate armour      |       |       |       |   160 |       ||   160
       Chain mail        |       |       |       |   268 |   530 ||   798
       Skin              |       |       |       |    39 |       ||    39
Dodge: Dodged            |    54 |    61 |   175 |   315 |   364 ||   969
